 Dungeon Sprint DCSS version 0.17-a0-1582-ge6b0260 (webtiles) character file.

33 nuthulu the Fighter (level 6, -25/45 HPs)
             Began as a Gargoyle Fighter on July 27, 2015.
             Was a Follower of Trog.
             Killed by an exploding giant spore (26 damage)
             ... in the Dungeon (Sprint VI: "Thunderdome").
             The game lasted 00:01:56 (377 turns).

nuthulu the Fighter (Gargoyle Fighter)               Turns: 377, Time: 00:01:56

Health: -25/45     AC: 14    Str: 20    XL:     6   Next: 89%
Magic:  6/6        EV:  8    Int:  8    God:    Trog [*.....]
Gold:   37         SH: 11    Dex:  9    Spells: 0 memorised, 5 levels left

rFire  + . .     SeeInvis +     a - +0 flail
rCold  + . .     Clarity  .     p - +2 scale mail {rPois}
rNeg   + . .     SustAt   .     c - +0 shield
rPois  ∞         Gourm    .     (no helmet)
rElec  +         Spirit   .     (no cloak)
rCorr  .         Warding  .     (no gloves)
rMut   .         NoTele   +     (no boots)
MR     .....                    (no amulet)
Stlth  ..........               (no ring)
                                q - ring "Qopsip" {rElec rF+ rC+ Dex-2 SInv}

@: not resistant to hostile enchantments, extremely unstealthy
A: negative energy resistance 1, electricity resistance, unbreathing,
petrification resistance, rot immunity, AC +4
a: Burn Spellbooks, Berserk, Renounce Religion


You were in the Dungeon.
You worshipped Trog.
Trog was aware of your devotion.
You were not hungry.

You visited 1 branch You collected 250 gold pieces.
You spent 213 gold pieces at shops.

Inventory:

Hand weapons
 a - a +0 flail (weapon)
Armour
 b - a +0 scale mail
 c - a +0 shield (worn)
 p - a +2 scale mail of poison resistance (worn)
Jewellery
 q - the ring "Qopsip" (left hand) {rElec rF+ rC+ Dex-2 SInv}
   (You bought it in a shop in the Dungeon)

   [ring of protection from fire]

   It affects your dexterity (-2).
   It protects you from fire.
   It protects you from cold.
   It insulates you from electricity.
   It lets you see invisible.
Magical devices
 l - a wand of cold (5)
 m - a wand of fire (5)
Scrolls
 k - 4 scrolls of blinking
 n - 3 scrolls of fog
Potions
 d - 5 potions of might
 f - a potion of curing
 g - a potion of heal wounds
 h - 4 potions of haste
 i - 2 potions of magic
 j - a potion of lignification {unknown}
 o - a potion of resistance
Comestibles
 e - a bread ration


   Skills:
 + Level 8.7 Fighting
 + Level 7.0 Maces & Flails
 + Level 8.6 Armour
 + Level 8.6 Shields


You had 5 spell levels left.
You didn't know any spells.

Dungeon Overview and Level Annotations

Branches:
Dungeon (1/1)

Altars:
Cheibriados
Dithmenos
Fedhas
Gozag
Kikubaaqudgha
Makhleb
Okawaru
Qazlal
Ru
Sif Muna
Trog
Vehumet
Xom
Yredelemnul
Zin
The Shining One
Jiyva
Lugonu

Shops:
D *[%??*?*:[((!!!!


Innate Abilities, Weirdness & Mutations

You are resistant to torment.
Your stone body is resilient (AC +4).
You are immune to poison.
You resist negative energy.
You are resistant to electric shocks.
You can survive without breathing.
You are immune to petrification.
You are immune to rotting.


Message History

The explosion of spores engulfs the ballistomycete.
A fungus suddenly grows. x2
The explosion of spores engulfs the ballistomycete.
A fungus suddenly grows.
The explosion of spores engulfs the ballistomycete.
A fungus suddenly grows.
The explosion of spores engulfs the ballistomycete. x2
A fungus suddenly grows.
The explosion of spores engulfs you!
Ouch! That really hurt!
* * * LOW HITPOINT WARNING * * *
A fungus suddenly grows.
The explosion of spores engulfs the ballistomycete. x2
The explosion of spores engulfs you!
* * * LOW HITPOINT WARNING * * *
The explosion of spores engulfs the ballistomycete.
A fungus suddenly grows.
The explosion of spores engulfs the ballistomycete.
The explosion of spores engulfs you!
Ouch! That really hurt!
You die...

#.....# ##.....## ##∩.....∩##
#∩.......∩# #_......._#
#........_# #_......._#
###.......÷[### #P.P.@.......⌠#
######.8PP.......8.######
##∩._..PP...###......__.∩##
###∩.....PP.8.# #.8.....)..∩##
##......P...P.P###.............
#⌠..........###...###..........
#⌠..........# #.<.# #..........
#⌠..........###...###..........
##.............###.............


You could see 3 active ballistomycetes.

Vanquished Creatures
  Sigmund (D)
  2 necrophages (D)
  A wight (D)
  Terence (D)
  An adder skeleton (D)
  A giant gecko (D)
  A bat zombie (D)
  A quokka (D)
  A giant gecko skeleton (D)
10 creatures vanquished.

Vanquished Creatures (others)
  3 giant spores (D)
3 creatures vanquished.

Grand Total: 13 creatures vanquished

Notes
Turn   | Place    | Note
--------------------------------------------------------------
     0 | D        | nuthulu the Gargoyle Fighter began the quest for the Orb.
     0 | D        | Reached XP level 1. HP: 14/14 MP: 1/1
     1 | D        | Found a basalt altar of Yredelemnul.
     1 | D        | Found a glowing silver altar of Zin.
     2 | D        | Found a deep blue altar of Sif Muna.
     2 | D        | Found a shadowy altar of Dithmenos.
     3 | D        | Found an ancient bone altar of Kikubaaqudgha.
     4 | D        | Found Xoetops's Do-It-Yourself Clinic.
     4 | D        | Found a glowing golden altar of the Shining One.
     4 | D        | Found a corrupted altar of Lugonu.
     4 | D        | Found Issoq's Distillery.
     5 | D        | Found Fastrihap's Bottled Wisdom.
     5 | D        | Found Yriocs's Distillery.
     5 | D        | Round 1.
     7 | D        | Noticed Terence
     9 | D        | Found a shimmering altar of Xom.
    13 | D        | Bought 6 potions of might for 168 gold pieces
    16 | D        | Killed Terence
    16 | D        | Reached skill level 4 in Fighting
    16 | D        | Reached XP level 2. HP: 3/20 MP: 2/2
    16 | D        | Reached XP level 3. HP: 3/24 MP: 3/3
    35 | D        | Found a stormy altar of Qazlal.
    36 | D        | Found a viscous altar of Jiyva.
    36 | D        | Found a radiant altar of Vehumet.
    36 | D        | Found Imukhluixe's Weapon Rack.
    36 | D        | Found Herr's Premium Goods.
    37 | D        | Found Muluenk's Basic Armour.
    37 | D        | Found Paecoheo's Miscellaneous Merchandise.
    40 | D        | Found a snail-covered altar of Cheibriados.
    42 | D        | Found an opulent altar of Gozag.
    43 | D        | Found Nypejel's Identification Station.
    44 | D        | Found Hafotim's Advanced Armour.
    44 | D        | Found Ommom's Jewellery.
    44 | D        | Found a sacrificial altar of Ru.
    44 | D        | Found Xusex's Bee Food.
    48 | D        | Found an iron altar of Okawaru.
    50 | D        | Found a bloodstained altar of Trog.
    51 | D        | Found a burning altar of Makhleb.
    51 | D        | Found a blossoming altar of Fedhas.
    51 | D        | Found Reix's Magic Scroll Shop.
    51 | D        | Found Zioniass's Staff Store.
    52 | D        | Found Idduador's Magic Scroll Shop.
    52 | D        | Found Yneesh's Must-Have Magic.
    58 | D        | Became a worshipper of Trog the Wrathful
   123 | D        | Noticed Sigmund
   162 | D        | Killed Sigmund
   162 | D        | Acquired Trog's first power
   162 | D        | Reached skill level 7 in Fighting
   162 | D        | Reached skill level 5 in Maces & Flails
   162 | D        | Reached XP level 4. HP: 23/34 MP: 4/4
   162 | D        | Reached XP level 5. HP: 25/38 MP: 5/5
   167 | D        | Arena points: 5 (+5) [x1]
   182 | D        | Round 2.
   286 | D        | Noticed a necrophage
   304 | D        | Noticed a necrophage
   307 | D        | Killed a necrophage
   307 | D        | Reached XP level 6. HP: 39/44 MP: 6/6
   321 | D        | Reached skill level 8 in Fighting
   328 | D        | Killed a necrophage
   331 | D        | Arena points: 33 (+28) [x2]
   343 | D        | Bought a pitted marble ring for 45 gold pieces
   343 | D        | Identified the ring "Qopsip" {rElec rF+ rC+ Dex-2 SInv} (You bought it in a shop in the Dungeon)
   374 | D        | Round 3.
   377 | D        | HP: 1/45 [something (10)]
   377 | D        | Killed by an exploding giant spore

Vault maps used:
D:        arena_sprint

Action                   |  1- 3 |  4- 6 || total
-------------------------+-------+-------++-------
Melee: Flail             |    52 |    43 ||    95
  Use: Potion            |     6 |       ||     6
